 Dungeon Crawl Stone Soup version 0.19-a0-1855-gb7442ac (webtiles) character file.

297 Ijustatesigmund the Vandal (level 6, -5/39 HPs)
             Began as a Halfling Hunter on Oct 11, 2016.
             Slain by an orc
             ... wielding a +0 flail
              (10 damage)
             ... on level 4 of the Dungeon.
             The game lasted 00:14:54 (3857 turns).

Ijustatesigmund the Vandal (Halfling Hunter)        Turns: 3857, Time: 00:14:55

Health: -5/39      AC:  4    Str: 18    XL:     6   Next: 62%
Magic:  6/6        EV: 17    Int:  9    God:
Gold:   158        SH:  0    Dex: 17    Spells: 0 memorised, 5 levels left

rFire  . . .     SeeInvis +     w - +2 dagger (venom)
rCold  . . .     Gourm    .     c - +0 leather armour
rNeg   . . .     Faith    .     (shield restricted)
rPois  .         Spirit   .     (no helmet)
rElec  .         Dismiss  .     l - +0 cloak
rCorr  .         Reflect  .     (no gloves)
MR     .....     Harm     .     (no boots)
Stlth  ++........               (no amulet)
                                (no ring)
                                n - ring of see invisible

@: mighty
A: mutation resistance 1
a: no special abilities


You were on level 4 of the Dungeon.
You were not hungry.

You visited 1 branch of the dungeon, and saw 4 of its levels.
You also visited: Sewer.

You collected 158 gold pieces.

Inventory:

Hand Weapons
 a - a +1 hunting sling
 b - a +0 short sword
 w - a +2 dagger of venom (weapon)
Missiles
 d - 13 sling bullets
 g - 234 stones (quivered)
 q - a throwing net
Armour
 c - a +0 leather armour (worn)
 l - a +0 cloak (worn)
Jewellery
 n - a ring of see invisible (left hand)
Scrolls
 m - 2 scrolls of blinking
 o - a scroll of teleportation
 s - a scroll of magic mapping
 x - 2 scrolls of remove curse
Potions
 e - a potion of magic
 i - 2 potions of lignification
 r - a potion of curing
 u - a potion of heal wounds {unknown}
 v - a potion of brilliance {unknown}
Comestibles
 f - a bread ration
 h - 2 meat rations
 j - 3 beef jerkies
 p - 5 fruits
 t - a slice of pizza
 z - 2 chunks of flesh


   Skills:
 + Level 2.2 Fighting
 - Level 4.6 Short Blades
 - Level 5.8 Slings
 - Level 4.6 Dodging
 + Level 2.7 Stealth


You had 5 spell levels left.
You didn't know any spells.

Dungeon Overview and Level Annotations

Branches:
Dungeon (4/15)
 Temple: D:4-7

Altars:
Qazlal

Annotations:
D:4 Grinder


Innate Abilities, Weirdness & Mutations

You are small and have problems with some larger weapons.
You are somewhat resistant to further mutation.


Message History

You barely resist. You hit Grinder.
Grinder is almost dead.
The orc hits you with a flail!
* * * LOW HITPOINT WARNING * * *
Grinder gestures at you. You resist with significant effort.
You feel very mighty all of a sudden. The orc barely misses you.
Grinder says, "Just stop there for a second..."
Grinder blinks!
You hit the orc.
The orc is heavily wounded.
You barely miss the orc.
The orc is heavily wounded.
The orc barely misses you.
You barely miss the orc.
The orc is heavily wounded.
The orc hits you with a flail!
You die...

####.# #..... #.#
#.##.# #.# #.##.#
#.# #.##.# #.#
#.##.### #>#
#......# #.#
#.#.#####.#.# #.#
#..oooo@ยง.#.#
#<##
###5#######.#
#..# #.# ##.# #.#
#.# .## #.# #(#
...####># #.#
#......#######.#
...#....<)......#
.###..#.#########


You could see Grinder, an orc priest and 3 orcs.

Vanquished Creatures
  A hound (D:4)
  Natasha (twice) (D:2)
  9 adders
  A river rat (Sewer)
  An ooze (D:2)
  5 worms
  A dart slug (D:3)
  3 leopard geckos
  6 orcs
  5 ball pythons
  5 giant cockroaches
  5 goblins
  11 hobgoblins
  3 jackals (D:3)
  8 kobolds
  A quokka (D:3)
  8 bats
  14 frilled lizards
  19 rats
108 creatures vanquished.

Notes
Turn   | Place    | Note
-------+----------+-------------------------------------------
     0 | D:1      | Ijustatesigmund the Halfling Hunter began the quest for the Orb.
     0 | D:1      | Reached XP level 1. HP: 14/14 MP: 1/1
    15 | D:1      | Reached skill level 1 in Short Blades
    68 | D:1      | Reached XP level 2. HP: 14/19 MP: 2/2
   638 | D:1      | Reached XP level 3. HP: 24/24 MP: 3/3
  1359 | D:2      | Reached XP level 4. HP: 19/29 MP: 4/4
  1967 | D:2      | Noticed Natasha
  1975 | D:2      | Killed Natasha
  1975 | D:2      | Reached XP level 5. HP: 34/34 MP: 5/5
  2000 | D:2      | Noticed Natasha
  2005 | D:2      | Killed Natasha
  2546 | D:3      | Found a stormy altar of Qazlal.
  2667 | D:3      | Reached XP level 6. HP: 39/39 MP: 6/6
  2924 | D:3      | Found a glowing drain.
  2928 | Sewer    | Entered a sewer
  3830 | D:4      | Noticed Grinder
  3841 | D:4      | Paralysed by Grinder for 6 turns
  3857 | D:4      | Slain by an orc

Vault maps used:
D:1:      dpeg_arrival_subterranean_lakeside_camping, minmay_crystal_room
D:2:      minmay_tetromino_s2, uniq_natasha
D:3:      grunt_qazlal_sundering, gup_sewer_entry_bowl
D:4:      gammafunk_temple_overflow_elements,
          hangedman_abyss_or_decor_lesser_grid, uniq_grinder, uniq_duvessa
Sewer:    sewer_co_cracked_pipes

Skill      XL: |  1  2  3  4  5  6 |
---------------+-------------------+-----
Short Blades   | 1 2 3 4 |  4.6
Dodging        | 3 4 |  4.6
Fighting       | 2 |  2.2
Stealth        | 2 |  2.7
Slings         | |  5.8

Action                   |  1- 3 |  4- 6 || total
-------------------------+-------+-------++-------
Melee: Short sword       |   123 |   338 ||   461
       Dagger            |       |    49 ||    49
 Fire: Hunting sling     |    30 |       ||    30
  Use: Scroll            |     3 |    10 ||    13
       Potion            |       |     2 ||     2
 Stab: Sleeping          |     4 |     6 ||    10
  Eat: Chunk             |     1 |     9 ||    10
Armor: Leather armour    |    22 |    49 ||    71
Dodge: Dodged            |    95 |   284 ||   379
